 Dungeon Crawl Stone Soup version 0.21.1-1-g345015f (webtiles) character file.

18973 inc the Covert (level 12, -15/70 HPs)
             Began as an Octopode Enchanter on Apr 22, 2018.
             Was an Initiate of Gozag.
             Killed from afar by a wizard (37 damage)
             ... with a crystal spear
             ... on level 13 of the Dungeon.
             The game lasted 00:40:04 (14914 turns).

inc the Covert (Octopode Enchanter)                Turns: 14914, Time: 00:40:05

Health: -15/70     AC:  3    Str:  8    XL:     12   Next: 64%
Magic:  36/42      EV: 19    Int: 24    God:    Gozag
Gold:   1406       SH:  5    Dex: 13    Spells: 19/27 levels left

rFire    . . .     SeeInvis +   O - +5 dagger (distort)
rCold    + . .     Gourm    .   e - +0 buckler
rNeg     + . .     Faith    .   (helmet restricted)
rPois    .         Spirit   .   (no amulet)
rElec    .         Reflect  .   h - ring of see invisible
rCorr    .         Harm     .   k - ring of protection from cold
MR       .....                  o - +2 ring of protection
Stlth    +++++++...             Q - ring of magical power
HPRegen  0.21/turn              C - ring of stealth
MPRegen  0.28/turn              J - ring of positive energy
                                P - +3 ring of intelligence
                                p - ring of magical power

@: gold aura
A: almost no armour, stealthy swim, amphibious, 8 rings, constrict 8, camouflage
1, gelatinous body 1
a: Potion Petition, Call Merchant, Bribe Branch, Renounce Religion


You were on level 13 of the Dungeon.
You worshipped Gozag.
Gozag was most pleased with you.
You were hungry.

You visited 1 branch of the dungeon, and saw 13 of its levels.
You also visited: Labyrinth.

You collected 2966 gold pieces.
You spent 166 gold pieces at shops.
You paid 1394 gold pieces to Gozag.

Inventory:

Hand Weapons
 a - a +1 dagger
 w - a +2 dagger of venom
 O - a +5 dagger of distortion (weapon)
Armour
 e - a +0 buckler (worn)
Jewellery
 h - a ring of see invisible (left tentacle)
 k - a ring of protection from cold (right tentacle)
 o - a +2 ring of protection (on tentacle)
 p - a ring of magical power (on tentacle)
 u - an uncursed ring of stealth
 B - an uncursed amulet of faith
 C - a ring of stealth (on tentacle)
 E - the amulet of Noomamid {Harm *Drain rPois rN+ Str+4}
   (You found it on level 7 of the Dungeon)

   [amulet of harm]

   It increases damage dealt and taken.
   It affects your strength (+4).
   It protects you from poison.
   It protects you from negative energy.
   It causes draining when unequipped.
 J - a ring of positive energy (on tentacle)
 K - an uncursed ring of loudness
 L - a cursed ring of loudness
 P - a +3 ring of intelligence (on tentacle)
 Q - a ring of magical power (on tentacle)
 R - an uncursed amulet of faith
 W - an uncursed ring of ice
Wands
 i - a wand of flame (45)
 D - a wand of paralysis (44)
 G - a wand of disintegration (15)
 M - a wand of iceblast (14)
Scrolls
 f - a scroll of fear
 g - a scroll of noise
 l - 4 scrolls of remove curse
 m - 5 scrolls of magic mapping
 q - 7 scrolls of amnesia
 r - 9 scrolls of teleportation
 s - 6 scrolls of blinking
 v - 15 scrolls of identify
 N - a scroll of fog
 S - a scroll of summoning {unknown}
 T - a scroll of brand weapon {unknown}
Potions
 d - 3 potions of lignification
 n - a potion of flight {unknown}
 t - 3 potions of might
 x - 4 potions of curing
 z - a potion of degeneration
 A - 2 potions of resistance {unknown}
 I - 2 potions of mutation {unknown}
 U - a potion of agility {unknown}
Books
 c - a book of Maledictions

   Spells                             Type                      Level
   a - Corona                         Hexes                        1
   b - Ensorcelled Hibernation        Hexes/Ice                    2
   c - Confuse                        Hexes                        3
   d - Tukima's Dance                 Hexes                        3
   e - Dazzling Spray                 Conjuration/Hexes            3
 j - a book of Debilitation

   Spells                             Type                      Level
   a - Corona                         Hexes                        1
   b - Slow                           Hexes                        2
   c - Inner Flame                    Hexes/Fire                   3
   d - Portal Projectile              Hexes/Translocation          3
   e - Cause Fear                     Hexes                        4
   f - Leda's Liquefaction            Hexes/Earth                  4
 y - a book of Changes

   Spells                             Type                      Level
   a - Beastly Appendage              Transmutation                1
   b - Sticks to Snakes               Transmutation                2
   c - Spider Form                    Transmutation/Poison         3
   d - Ice Form                       Ice/Transmutation            4
   e - Blade Hands                    Transmutation                5
 F - a book of Clouds

   Spells                             Type                      Level
   a - Poisonous Vapours              Poison/Air                   2
   b - Mephitic Cloud                 Conjuration/Poison/Air       3
   c - Conjure Flame                  Conjuration/Fire             3
   d - Freezing Cloud                 Conjuration/Ice/Air          6
   e - Ring of Flames                 Charms/Fire                  7
 V - a book of Battle

   Spells                             Type                      Level
   a - Infusion                       Charms                       1
   b - Shroud of Golubria             Charms/Translocation         2
   c - Song of Slaying                Charms                       2
   d - Spectral Weapon                Hexes/Charms                 3
   e - Regeneration                   Charms/Necromancy            3
Miscellaneous
 H - a crystal ball of energy
Comestibles
 b - 8 rations


   Skills:
 - Level 2.2 Fighting
 - Level 5.6 Short Blades
 + Level 10.2 Dodging
 - Level 10.9 Stealth
 - Level 6.3 Shields
 - Level 8.3 Spellcasting
 - Level 3.8 Conjurations
 - Level 8.0 Hexes
 - Level 3.7 Ice Magic
 - Level 3.9 Air Magic
 - Level 4.6 Poison Magic


You had 19 spell levels left.
You knew the following spells:

 Your Spells              Type           Power        Failure   Level  Hunger
a - Mephitic Cloud        Conj/Pois/Air  ####....     3%          3    None
b - Ensorcelled Hibernat  Hex/Ice        #####.       1%          2    None
c - Confuse               Hex            #####...     1%          3    None


Dungeon Overview and Level Annotations

Branches:
Dungeon (13/15)            Temple (0/1) D:7            Lair (0/6) D:11
    Orc (0/2) D:12
 Vaults: D:13-14

Altars:
Elyvilon
Gozag
Kikubaaqudgha
Qazlal
Ru
Sif Muna
Uskayaw
Vehumet
Wu Jian
Xom
The Shining One

Shops:
D:3 *   D:6 (*?!   D:9 :?

Annotations:
D:4 shugdite's ghost, novice MiFi
D:10 exclusion: orange crystal statue


Innate Abilities, Weirdness & Mutations

You cannot wear most types of armour.
You are very stealthy in the water. (Stealth+)
You are amphibious.
You can wear up to eight rings at the same time.
You can use your tentacles to constrict eight enemies at once.
Your skin changes colour to match your surroundings (Stealth+).
Your rubbery body absorbs attacks. (AC +1, EV +1)


Message History

The human asks, "Where am I?"
Casting: Ensorcelled Hibernation
Confirm with . or Enter, or press ? or * to list all spells.
Aiming: Ensorcelled Hibernation
Press: ? - help, Shift-Dir - straight line, f - human
Aim: a human (chance to defeat MR: 66%)
The human resists with significant effort.
You feel yourself speed up.
The human closely misses something.
Casting: Ensorcelled Hibernation
Confirm with . or Enter, or press ? or * to list all spells.
Aiming: Ensorcelled Hibernation
Press: ? - help, Shift-Dir - straight line, f/p - human
Aim: a human (chance to defeat MR: 66%)
The wizard easily resists.
The wizard casts a spell at you. The crystal spear hits you!
Ouch! That really hurt!
You die...
Your body crumbles into a pile of gold.

.... #.#
##'''########.#
#.....#.....#.#
#.....'.....#.#
#..⌠..'..⌠..#.#
#?....'pp...#.#
#($...#$....#.#
########'cp##.#
........ppp@.#
#####....p####
#..#### #..
.... .....
..... $


You could see a yaktaur, a wizard and 6 humans.

Vanquished Creatures
  6 two-headed ogres
  Urug (D:11)
  2 unseen horrors
  Pikel (D:4)
  An ugly thing (D:13)
  Psyche (D:9)
  A molten gargoyle (D:12)
  A gargoyle (D:12)
  3 trolls (D:10)
  A merfolk (D:9)
  Grinder (D:3)
  A hornet (D:13)
  4 hippogriffs
  Prince Ribbit (D:8)
  A meliai zombie (D:12)
  A shadow (D:12)
  A wraith (D:10)
  Sigmund (D:3)
  5 humans (D:13)
  4 yaks (D:10)
  3 hungry ghosts
  A water moccasin (D:9)
  10 orc warriors
  2 ice beasts
  A black bear (D:7)
  A hornet zombie (D:8)
  3 sky beasts
  3 centaurs
  4 necrophages
  A phantom (D:9)
  A slave (D:4)
  8 ogres
  A crocodile (D:8)
  2 big kobolds
  3 gnoll sergeants
  9 bullfrogs
  A wyvern skeleton (D:8)
  4 scorpions
  4 howler monkeys
  3 centaur zombies
  A bullfrog zombie (D:12)
  13 crimson imps
  5 jellies
  3 quasits
  4 hounds
  9 orc priests
  Crazy Yiuf (D:3)
  2 centaur skeletons
  5 iguanas
  Ijyb (D:3)
  14 orc wizards
  7 worker ants
  2 hound zombies
  Robin (D:4)
  A worker ant zombie (D:11)
  A howler monkey zombie (D:7)
  13 gnolls
  13 adders
  5 shadow imps
  3 adder skeletons
  3 worms
  2 dart slugs
  8 leopard geckos
  61 orcs
  2 ball pythons
  5 giant cockroaches
  14 goblins
  6 hobgoblins
  4 jackals (D:4)
  18 kobolds
  A quokka (D:2)
  3 bats
  A frilled lizard (D:1)
  A jackal zombie (D:5)
  A leopard gecko zombie (D:5)
  6 rats
343 creatures vanquished.

Vanquished Creatures (others)
  A howler monkey (D:4)
1 creature vanquished.

Grand Total: 344 creatures vanquished

Notes
Turn   | Place    | Note
-------+----------+-------------------------------------------
     0 | D:1      | inc the Octopode Enchanter began the quest for the Orb.
     0 | D:1      | Reached XP level 1. HP: 11/11 MP: 3/3
   204 | D:1      | Reached skill level 1 in Shields
   204 | D:1      | Reached XP level 2. HP: 15/17 MP: 5/5
   208 | D:1      | Learned a level 2 spell: Ensorcelled Hibernation
   604 | D:2      | Found an ancient bone altar of Kikubaaqudgha.
   632 | D:2      | Reached skill level 1 in Ice Magic
   632 | D:2      | Reached XP level 3. HP: 21/21 MP: 6/6
  1053 | D:3      | Found an ornate altar of the Wu Jian Council.
  1154 | D:3      | Found an opulent altar of Gozag.
  1158 | D:3      | Found Gozag's Platinum Reserve.
  1162 | D:3      | Became a worshipper of Gozag Ym Sagoz the Greedy
  1314 | D:3      | Noticed Sigmund
  1340 | D:3      | Killed Sigmund
  1340 | D:3      | Reached XP level 4. HP: 16/27 MP: 2/7
  1340 | D:3      | Reached XP level 5. HP: 19/31 MP: 2/8
  1576 | D:3      | Noticed Grinder
  1607 | D:3      | Paralysed by Grinder for 5 turns
  1623 | D:3      | Paralysed by Grinder for 3 turns
  1631 | D:3      | Killed Grinder
  1631 | D:3      | Reached XP level 6. HP: 20/36 MP: 7/9
  1836 | D:3      | Noticed Ijyb
  1883 | D:3      | Killed Ijyb
  2203 | D:3      | Reached XP level 7. HP: 41/41 MP: 7/10
  2255 | D:3      | Found a faded altar of an unknown god.
  2397 | D:3      | Found a runed door.
  2527 | D:3      | Noticed Crazy Yiuf
  2531 | D:3      | Killed Crazy Yiuf
  2746 | D:4      | Reached skill level 5 in Short Blades
  3055 | D:4      | Reached skill level 1 in Fighting
  3420 | D:4      | Noticed Pikel
  3617 | D:4      | Noticed Robin
  3638 | D:4      | Killed Robin
  3660 | D:4      | Noticed shugdite's ghost (novice MiFi)
  3683 | D:3      | Learned a level 3 spell: Confuse
  3741 | D:4      | Reached XP level 8. HP: 43/50 MP: 6/11
  4386 | D:4      | Killed Pikel
  4560 | D:5      | Entered Level 5 of the Dungeon
  5070 | D:5      | Reached XP level 9. HP: 35/54 MP: 2/12
  5279 | D:5      | Found a stormy altar of Qazlal.
  5516 | D:5      | Found a sacrificial altar of Ru.
  5663 | D:6      | Found Uqyff's Magic Scroll Emporium.
  5666 | D:6      | Bought a scroll of blinking for 75 gold pieces
  5682 | D:6      | Found Eteeru's Distillery.
  6060 | D:6      | Found Wic Uhomov's Assorted Antiques.
  6189 | D:6      | Reached skill level 5 in Spellcasting
  6228 | D:6      | Found Beffir Penu's Antique Weapon Boutique.
  6571 | D:7      | Got a bound crystal amulet
  6572 | D:7      | Identified the amulet of Noomamid {Harm *Drain rPois rN+ Str+4} (You found it on level 7 of the Dungeon)
  6927 | D:8      | Learned a level 3 spell: Mephitic Cloud
  7080 | D:10     | Entered Level 10 of the Dungeon
  7102 | D:9      | Noticed a two-headed ogre
  7117 | D:9      | Killed a two-headed ogre
  7117 | D:9      | Reached XP level 10. HP: 60/60 MP: 22/22
  7165 | D:9      | Noticed Psyche
  7196 | D:9      | Killed Psyche
  7266 | D:9      | Found a radiant altar of Vehumet.
  7267 | D:9      | Noticed a two-headed ogre
  7354 | D:9      | Killed a two-headed ogre
  7459 | D:9      | Reached skill level 1 in Air Magic
  7459 | D:9      | Reached skill level 1 in Poison Magic
  7485 | D:9      | Reached skill level 1 in Conjurations
  7870 | D:8      | Noticed Prince Ribbit
  7877 | D:8      | Killed Prince Ribbit
  8544 | D:7      | Reached skill level 5 in Shields
  8579 | D:7      | Reached XP level 11. HP: 64/64 MP: 23/23
  8600 | D:7      | Found a shimmering altar of Xom.
  8600 | D:7      | Found a glowing golden altar of the Shining One.
  8605 | D:7      | Found a white marble altar of Elyvilon.
  8607 | D:7      | Found a hide-covered altar of Uskayaw.
  8608 | D:7      | Found a deep blue altar of Sif Muna.
  8890 | D:7      | Found a staircase to the Ecumenical Temple.
  8902 | D:7      | Found a stormy altar of Qazlal.
  9255 | D:8      | Found Halofif's Gadget Boutique.
 10010 | D:9      | Noticed a two-headed ogre
 10022 | D:9      | Killed a two-headed ogre
 10410 | D:10     | Noticed an orange crystal statue
 10549 | D:10     | Noticed an unseen horror
 10552 | D:10     | Killed an unseen horror
 10552 | D:10     | Reached skill level 10 in Stealth
 10796 | D:9      | Bought a scroll of teleportation for 42 gold pieces
 10796 | D:9      | Bought a scroll of magic mapping for 49 gold pieces
 11848 | D:11     | Noticed a two-headed ogre
 11857 | D:11     | Killed a two-headed ogre
 11997 | D:11     | Noticed Urug
 12013 | D:11     | Killed Urug
 12013 | D:11     | Reached skill level 5 in Dodging
 12318 | D:11     | Reached XP level 12. HP: 59/70 MP: 24/24
 12381 | D:11     | Noticed a two-headed ogre
 12388 | D:11     | Killed a two-headed ogre
 12569 | D:11     | Noticed a two-headed ogre
 12601 | D:11     | Killed a two-headed ogre
 12956 | D:11     | Found a staircase to the Lair.
 13062 | D:12     | Found a labyrinth entrance.
 13070 | Lab      | Entered a labyrinth
 13361 | Lab      | Noticed a minotaur
 14616 | D:12     | Found a staircase to the Orcish Mines.
 14897 | D:13     | Reached skill level 10 in Dodging
 14914 | D:13     | Killed from afar by a wizard

Skill      XL: |  1  2  3  4  5  6  7  8  9 10 11 12 |
---------------+-------------------------------------+-----
Shields        | 1 2 3 5 6 |  6.3
Ice Magic      | 1 3 |  3.7
Short Blades   | 3 4 5 |  5.6
Fighting       | 2 |  2.2
Hexes          | 7 8 |  8.0
Spellcasting   | 8 |  8.3
Stealth        | 8 10 | 10.9
Air Magic      | 2 3 |  3.9
Poison Magic   | 3 4 |  4.6
Conjurations   | 2 3 |  3.8
Dodging        | 5 10 | 10.2

Action                   |  1- 3 |  4- 6 |  7- 9 | 10-12 || total
-------------------------+-------+-------+-------+-------++-------
Melee: Dagger            |    85 |    51 |   236 |   427 ||   799
       Constrict         |    13 |     6 |    33 |    66 ||   118
       Tentacles         |     5 |     4 |    38 |    65 ||   112
 Cast: Ensorcelled Hiber |     2 |     6 |    89 |   158 ||   255
       Corona            |       |     5 |       |       ||     5
       Confuse           |       |       |    10 |    40 ||    50
       Mephitic Cloud    |       |       |       |     1 ||     1
Invok: Call Merchant     |       |       |       |     2 ||     2
  Use: Potion            |     1 |     4 |       |     3 ||     8
       Scroll            |     1 |       |     4 |     9 ||    14
 Stab: Sleeping          |    17 |     2 |    66 |   118 ||   203
       Confused          |       |       |     5 |    17 ||    22
       Distracted        |       |       |       |     3 ||     3
  Eat: Ration            |     1 |     2 |     5 |     7 ||    15
Armor: Skin              |    14 |    20 |    18 |    26 ||    78
Dodge: Dodged            |    26 |    14 |   114 |   179 ||   333
Block: Buckler           |     7 |     7 |    42 |    73 ||   129
